 Dungeon Crawl Stone Soup version 0.26-b1-45-g23770d1d51 (webtiles) character file.

Game seed: 17712949736518876557

514 DocSulfur the Ruffian (level 7, 15/57 HPs)
             Began as a Red Draconian Transmuter on Jan 6, 2021.
             Was an Initiate of Makhleb.
             Quit the game on level 3 of the Dungeon.
             The game lasted 00:06:11 (4654 turns).

DocSulfur the Ruffian (Red Draconian Transmuter)    Turns: 4654, Time: 00:06:12

Health: 15/57      AC:  8    Str: 14    XL:     7   Next: 0%
Magic:  11/11      EV: 12    Int: 14    God:    Makhleb [......]
Gold:   173        SH:  0    Dex: 11    Spells: 9/12 levels left

rFire    + . .     SeeInvis .     - Unarmed
rCold    . . .     Faith    .   (no shield)
rNeg     . . .     Spirit   .   (armour unavailable)
rPois    .         Reflect  .   (helmet restricted)
rElec    .         Harm     .   o - +0 cloak
rCorr    .         Rampage  .   f - +0 pair of gloves
Will     .....                  (no boots)
Stlth    +.........             a - amulet of magic regeneration
HPRegen  0.19/turn              (no ring)
MPRegen  0.37/turn              (no ring)

@: short of breath
A: breathe fire, unfitting armour, fire resistance 1, cold-blooded, AC +6
a: Breathe Fire, Renounce Religion


You were on level 3 of the Dungeon.
You worshipped Makhleb.
Makhleb was noncommittal.
You visited 2 branches of the dungeon, and saw 5 of its levels.

You collected 173 gold pieces.

Inventory:

Missiles
 j - 88 stones (quivered)
Armour
 f - a +0 pair of gloves (worn)
 o - a +0 cloak (worn)
Jewellery
 a - an amulet of magic regeneration (around neck)
 h - a cursed -4 ring of strength {unknown}
Scrolls
 c - 4 scrolls of identify {unknown}
 d - 2 scrolls of remove curse {unknown}
 g - 4 scrolls of teleportation {unknown}
 k - a scroll of fear {unknown}
 n - 2 scrolls of magic mapping {unknown}
 p - 2 scrolls of fog {unknown}
 q - 3 scrolls of noise {unknown}
 r - a scroll of amnesia {unknown}
Potions
 b - 2 potions of curing
 e - a potion of lignification {unknown}
 i - a potion of might {unknown}
 l - a potion of mutation {unknown}
 m - 2 potions of heal wounds {unknown}


   Skills:
 + Level 3.3 Fighting
 - Level 1.7 Dodging
 * Level 5.1 Unarmed Combat
 + Level 3.3 Spellcasting
 * Level 4.6 Transmutations


You had 9 spell levels left.
You knew the following spells:

 Your Spells              Type           Power        Failure   Level
a - Beastly Appendage     Tmut           30%          3%          1
b - Wereblood             Tmut           15%          4%          2

Your spell library contained the following spells:

 Spells                   Type           Power        Failure   Level
 Spider Form              Tmut/Pois      4%           24%         3
 Ice Form                 Ice/Tmut       8%           63%         4
 Blade Hands              Tmut           7%           63%         5


Dungeon Overview and Level Annotations

Branches:
Dungeon (4/15)             Temple (1/1) D:4

Altars:
Ashenzari
Cheibriados
Elyvilon
Fedhas
Gozag
Hepliaklqana
Kikubaaqudgha
Makhleb
Nemelex Xobeh
Okawaru
Qazlal
Ru
Trog
Uskayaw
Vehumet
Yredelemnul
Zin


Innate Abilities, Weirdness & Mutations

You can breathe blasts of fire.
Your fiery red scales are hard. (AC +6)
You cannot fit into any form of body armour.
Your flesh is heat resistant. (rF+)
You are cold-blooded and may be slowed by cold attacks.


Message History

* * * LOW HITPOINT WARNING * * *
You feel better.
The worker ant bites you but does no damage.
You punch the worker ant!
You kill the worker ant!
Makhleb accepts your kill.
You have reached level 7!
Your scales start taking on a fiery red colour.
You learn Fire Magic much quicker.
You learn Ice Magic much slower.
You can breathe blasts of fire.
You feel resistant to heat.
You see here a worker ant corpse.
Your transformation is almost over.
You see here a worker ant corpse.
There is a stone staircase leading down, spattered with blood here.
Your horns disappear.
Your talons disappear.
Press: ? - help, Shift-Dir - straight line You breathe a blast of fire.
There is a stone staircase leading down, spattered with blood here.
Are you sure you want to abandon this character and quit the game? (Confirm with "yes".)

######## #....†>#
#.####.#############
#.##..@............####
#.##.#.###########.....
#.##.#.# ######
#......# ####.########
## #.###....# #.
#.##....8####### #.
#.....8PP......# ##.
##.#.P.........# #..


There were no monsters in sight!

Vanquished Creatures
  3 howler monkeys (D:4)
  2 orc priests (D:4)
  3 orc wizards (D:4)
  3 worker ants
  A worker ant zombie (D:3)
  A howler monkey skeleton (D:3)
  8 adders
  A white imp (D:2)
  An adder skeleton (D:3)
  2 worms (D:3)
  2 dart slugs
  2 leopard geckos
  8 orcs
  5 giant cockroaches
  2 hobgoblins
  7 jackals
  5 kobolds
  2 quokkas (D:4)
  A ball python (D:1)
  A ball python skeleton (D:3)
  4 bats
  A giant cockroach zombie (D:3)
  6 goblins
  A leopard gecko skeleton (D:3)
  5 rats
77 creatures vanquished.

Notes
Turn   | Place    | Note
-------+----------+-------------------------------------------
     0 | D:1      | DocSulfur the Draconian Transmuter began the quest for the
                  | Orb.
     0 | D:1      | Reached XP level 1. HP: 16/16 MP: 3/3
   220 | D:1      | Reached XP level 2. HP: 23/23 MP: 3/5
  1102 | D:2      | Found an opulent altar of Gozag.
  1102 | D:2      | Found a hide-covered altar of Uskayaw.
  1157 | D:2      | Reached XP level 3. HP: 28/29 MP: 6/6
  1443 | D:2      | Found an iron altar of Okawaru.
  1771 | D:2      | Reached XP level 4. HP: 28/36 MP: 7/7
  2863 | D:3      | Reached skill level 4 in Unarmed Combat
  2954 | D:3      | Reached XP level 5. HP: 41/42 MP: 8/8
  3733 | D:4      | Learned a level 2 spell: Wereblood
  3913 | D:4      | Reached XP level 6. HP: 20/50 MP: 10/10
  4146 | D:4      | Found a staircase to the Ecumenical Temple.
  4150 | Temple   | Entered the Ecumenical Temple
  4367 | Temple   | Became a worshipper of Makhleb the Destroyer
  4518 | D:4      | Reached skill level 5 in Unarmed Combat
  4620 | D:3      | HP: 2/51 [worker ant (7)]
  4623 | D:3      | Your scales start taking on a fiery red colour.
  4623 | D:3      | Reached XP level 7. HP: 9/57 MP: 11/11
  4623 | D:3      | Gained mutation: Your flesh is heat resistant. (rF+) [Red
                  | Draconian growth]
  4654 | D:3      | Quit the game

Illustrated notes

Levels and vault maps discovered:
D:1:      dpeg_arrival_pits, layout_loops_ring, dk_noncrumbling_3
D:2:      wander_river, layout_basic, kennysheep_okawaru_gauntlet,
          gammafunk_temple_overflow_wave
D:3:      layout_loops_cross, serial_undead, serial_undead_e, serial_undead_a,
          serial_undead_a, serial_undead_e
D:4:      layout_basic, minmay_temple_entry_grid
Temple:   eino_temple_water

Skill      XL: |  1  2  3  4  5  6 |
---------------+-------------------+-----
Fighting       | 2 3 |  3.3
Transmutations | 3 4 |  4.6
Unarmed Combat | 4 5 |  5.1
Spellcasting   | 3 |  3.3
Dodging        | |  1.7

Action                   |  1- 3 |  4- 6 |  7- 9 || total
-------------------------+-------+-------+-------++-------
Melee: Unarmed           |    88 |   205 |       ||   293
       Tailslap          |     8 |    26 |       ||    34
       Headbutt          |     4 |    17 |       ||    21
       Kick              |     7 |    27 |       ||    34
       Punch             |       |     2 |       ||     2
Throw: Stone             |       |    15 |       ||    15
 Cast: Beastly Appendage |    14 |    18 |       ||    32
       Wereblood         |       |     2 |       ||     2
 Abil: Breathe Fire      |       |       |     1 ||     1
  Use: Potion            |       |     1 |       ||     1
 Stab: Sleeping          |       |     1 |       ||     1
Armor: Skin              |    30 |    64 |       ||    94
Dodge: Dodged            |    59 |   120 |       ||   179
